 Dungeon Crawl Stone Soup version 0.28-a0-819-g6ef7baa362 (console) character file.

Game seed: 3381247337488758570

93 petzl the Vexing (level 4, -11/29 HPs)
             Began as an Octopode Arcane Marksman on Nov 9, 2021.
             Killed by divine providence
             ... invoked by an orc priest
              (16 damage)
             ... on level 3 of the Dungeon.
             The game lasted 00:04:10 (3113 turns).

petzl the Vexing (Octopode Arcane Marksman)         Turns: 3113, Time: 00:04:10

Health: -11/29     AC:  1    Str:  9    XL:     4   Next: 61%
Magic:  6/6        EV: 13    Int: 16    God:
Gold:   97         SH:  0    Dex: 12    Spells: 5/6 levels left

rFire   . . .      SeeInvis .   a - +0 hand crossbow
rCold   . . .      Faith    .   (no shield)
rNeg    . . .      Spirit   .   (helmet restricted)
rPois   .          Reflect  .   (no amulet)
rElec   .          Harm     .   (no ring)
rCorr   .          Rampage  .   (no ring)
Will    .....                   (no ring)
Stlth   +++.......              (no ring)
HPRegen 0.09/turn               (no ring)
MPRegen 0.10/turn               (no ring)
                                (no ring)
                                (no ring)

@: no status effects
A: almost no armour, amphibious, 8 rings, camouflage 1, gelatinous body 1,
(nimble swimmer 1), tentacles
a: no special abilities


You were on level 3 of the Dungeon.
You visited 1 branch of the dungeon, and saw 3 of its levels.

You collected 97 gold pieces.

Inventory:

Hand Weapons
 a - a +0 hand crossbow (weapon)
 b - a +0 short sword
Missiles
 c - 42 bolts (quivered ammo)
Jewellery
 e - a ring of positive energy
Scrolls
 d - 7 scrolls of identify {unknown}
 f - a scroll of teleportation {unknown}
 g - a scroll of noise {unknown}
 h - a scroll of brand weapon {unknown}


   Skills:
 + Level 2.0 Fighting
 + Level 2.7 Crossbows
 + Level 2.6 Dodging
 + Level 2.5 Stealth
 + Level 1.8 Spellcasting
 - Level 3.0 Hexes


You had 5 spell levels left.
You knew the following spells:

 Your Spells              Type           Power      Damage    Failure   Level
a - Slow                  Hex            44%        N/A       6%          1

Your spell library contained the following spells:

 Spells                   Type           Power      Damage    Failure   Level
 Inner Flame              Hex/Fire       6%         N/A       34%         3
 Portal Projectile        Hex/Tloc       12%        N/A       34%         3
 Cause Fear               Hex            5%         N/A       52%         4


Dungeon Overview and Level Annotations

Branches:
Dungeon (3/15)

Altars:
Cheibriados


Innate Abilities, Weirdness & Mutations

You cannot wear most types of armour.
You are amphibious.
You can wear up to eight rings at the same time.
Your skin changes colour to match your surroundings (Stealth+).
Your rubbery body absorbs attacks. (AC +1, EV +1)
((You are camouflaged near water. (Stealth+)))
You have tentacles for arms and can constrict up to eight enemies at once.


Message History

There are monsters nearby!
There are monsters nearby!
There are monsters nearby!
You shoot a bolt. The bolt hits the orc.
The orc shouts!
The orc is severely wounded.
The orc priest shouts!
You hear a shout!
An orc comes into view. It is wielding a +0 short sword.
An orc comes into view. It is wielding a +0 hand axe.
You shoot a bolt. The orc shouts!
The bolt hits the orc.
You kill the orc!
You shoot a bolt. The bolt hits the orc.
The orc is severely wounded.
You shoot a bolt. The bolt closely misses the orc.
A goblin comes into view. It is wielding a +0 dagger.
Unknown command.
Unknown command.
The orc priest calls down the wrath of Beogh upon you.
Beogh smites you!
There is an open door here.
You close the door.
An orc opens the door.
As you open the door, it creaks loudly!
There is an open door here.
Unknown command.
Unknown command.
Unknown command.
A rat comes into view.
The orc priest mumbles some strange prayers to Beogh against you.
Beogh smites you!
Ouch! That really hurt!
* * * LOW HITPOINT WARNING * * *
The orc priest begins to cast a cantrip, but forgets the words!
You open the door.
The orc priest mumbles some strange prayers to Beogh against you.
Beogh smites you!
Ouch! That really hurt!
You die...

.#### #. ....# #. .##(#
##+## #.##. #.###...##
#.#.. #.##.....## #...#
#.#.......##
##...###.......รท..#
#............)....+
###...####.....<...#
#.......###......<##
#.###.#.# ##.....## #.
#.#.# ##...## #. #.#.#
##'## #.###...# #@#
#.#....)### #o#
#...#.#...# ##.##
##......#.###..o##
#..#.#.#.##..g..#
#..............##########
#.######.###o........r...
#........##...###.##.###
####..#####.......#
###.####....##### #
#.........#.######.#
#.#.#.#.#...#......#
#..................#
#####.#.#.#.#..o#.###.##
#....)..........#.#...##.
#.###.#.#.#.#..g....#....
#.#.............#.#...#
#.#.#.#.#.#.#.........#
#.#(#.............#####
#.#


You could see an orc priest, 2 orcs and a goblin.

Vanquished Creatures
  Terence (D:3)
  3 dart slugs (D:1)
  An orc (D:3)
  5 ball pythons
  6 endoplasms
  2 giant cockroaches (D:1)
  4 goblins
  5 hobgoblins
  4 jackals (D:1)
  8 kobolds
  5 quokkas (D:1)
  5 bats
  2 frilled lizards (D:1)
  4 rats
55 creatures vanquished.

Notes
Turn   | Place    | Note
-------+----------+-------------------------------------------
     0 | D:1      | petzl the Octopode Arcane Marksman began the quest for the
                  | Orb.
     0 | D:1      | Reached XP level 1. HP: 13/13 MP: 2/2
   313 | D:1      | Reached XP level 2. HP: 18/18 MP: 3/3
   355 | D:1      | Reached skill level 1 in Stealth
   788 | D:1      | Reached XP level 3. HP: 23/23 MP: 5/5
   829 | D:1      | Found a faded altar of an unknown god.
  1745 | D:2      | Reached XP level 4. HP: 19/29 MP: 6/6
  2267 | D:2      | Found a snail-covered altar of Cheibriados.
  2751 | D:3      | Noticed Terence
  2768 | D:3      | Killed Terence
  3113 | D:3      | Killed from afar by an orc priest

Illustrated notes

Levels and vault maps discovered:
D:1:      eino_arrival_cavern_b, layout_loops_cross,
          ebering_ecumenical_altar_ruins, minmay_tetromino_s4
D:2:      minmay_angry_zag, layout_basic, basic_altar, minmay_tiny_reverse_x
D:3:      minmay_door_path, layout_loops_corners, serial_glass, glass_columns_a,
          glass_columns_c, grunt_decor_clamped, uniq_jessica, uniq_terence

Skill      XL: |  1  2  3  4 |
---------------+-------------+-----
Stealth        | 1 2 |  2.5
Fighting       | 2 |  2.0
Crossbows      | |  2.7
Dodging        | |  2.6
Spellcasting   | |  1.8
Hexes          | |  3.0

Action                   |  1- 3 |  4- 6 || total
-------------------------+-------+-------++-------
Melee: Short sword       |    14 |    25 ||    39
       Constrict         |     3 |     4 ||     7
       Tentacles         |       |     2 ||     2
 Fire: Hand crossbow     |   103 |     9 ||   112
 Stab: Sleeping          |     5 |     2 ||     7
Armor: Skin              |    11 |       ||    11
Dodge: Dodged            |    56 |    15 ||    71

Table legend: (Time is in decaauts)
 A = Elapsed time spent in this place.
 B = Non-inter-level travel time spent in this place.
 C = Inter-level travel time spent in this place.
 D = Time resting spent in this place.
 E = Time spent auto-exploring this place.
 F = Levels seen in this place.
 G = Mean time per level.
                   A        B        C        D        E       F      G
               +--------+--------+--------+--------+--------+-----+--------+
         Total |   3157 |   3044 |    113 |    663 |   1945 |   3 | 1052.3 |
       Dungeon |   3157 |   3044 |    113 |    663 |   1945 |   3 | 1052.3 |
               +--------+--------+--------+--------+--------+-----+--------+

Top non-repeatable levels by time:
     D:1: 1571 daAuts
     D:2: 1153 daAuts
     D:3: 431 daAuts
